 Dungeon Crawl Stone Soup version 0.30.1-3-gfc49f6343a (webtiles) character file.

Game seed: 12077652820659301836

21 H0rd4k the Charlatan (level 2, -1/18 HPs)
             Began as an Octopode Artificer on Aug 1, 2023.
             Slain by a jackal (3 damage)
             ... on level 1 of the Dungeon.
             The game lasted 00:00:37 (505 turns).

H0rd4k the Charlatan (Octopode Artificer)            Turns: 505, Time: 00:00:38

Health: -1/18      AC:  1    Str: 11    XL:     2   Next: 83%
Magic:  2/2        EV: 13    Int: 13    God:
Gold:   63         SH:  0    Dex: 12    Spells: 1/1 levels left

rFire   . . .        (no weapon)
rCold   . . .        (no shield)
rNeg    . . .        (helmet restricted)
rPois   .            (no amulet)
rElec   .            (no ring)
rCorr   .            (no ring)
SInv    .            (no ring)
Will    .....        (no ring)
Stlth   +++          (no ring)
HPRegen 0.23/turn    (no ring)
MPRegen 0.08/turn    (no ring)
                     (no ring)

%: no passive effects
@: no status effects
A: almost no armour, amphibious, 8 rings, camouflage 1, gelatinous body 1,
(nimble swimmer 1), tentacles
a: no special abilities


You were on level 1 of the Dungeon.
You visited 1 branch of the dungeon, and saw 2 of its levels.

You collected 63 gold pieces.

Inventory:

Wands
 b - a wand of flame (14) (quivered)
 c - a wand of charming (14)
 d - a wand of iceblast (4)
Scrolls
 a - a scroll of poison {unknown}
 e - a scroll of enchant weapon {unknown}
 f - a scroll of summoning {unknown}
 h - a scroll of identify {unknown}
 i - a scroll of teleportation {unknown}
Potions
 g - a potion of lignification {unknown}


   Skills:
 + Level 1.0 Fighting
 + Level 2.7 Dodging
 + Level 2.0 Stealth
 + Level 3.9 Evocations


You had one spell level left.
You didn't know any spells.
Your spell library was empty.

Dungeon Overview and Level Annotations

Branches:
Dungeon (2/15)

Altars:

Shops:
D:2 [


Innate Abilities, Weirdness & Mutations

You cannot wear most types of armour.
You are amphibious.
You can wear up to eight rings at the same time.
Your skin changes colour to match your surroundings (Stealth+).
Your rubbery body absorbs attacks. (AC +1, EV +1)
((You are camouflaged when in or above water. (Stealth+)))
You have tentacles for arms and can constrict up to eight enemies at once.


Message History

No target in view!
You see here a quokka corpse.
A sourceless malevolence fills the Dungeon...
You fall into a shaft and drop 1 floor!
The shaft crumbles and collapses.
Found two stone staircases leading up and a stone staircase leading down.
No target in view!
There is a stone staircase leading up here.
A jackal comes into view.
Found Fess's Antique Armour Emporium.
An endoplasm and 3 jackals come into view.
Found a stone staircase leading down.
There are monsters nearby!
The jackal barks! x3
The endoplasm hits the plant.
The plant begins to die.
There are monsters nearby!
The jackal bites you.
The jackal bites the plant.
The jackal closely misses you. The jackal bites you.
The jackal bites the plant.
The plant begins to die.
The jackal bites you.
The endoplasm quivers.
The jackal attacks as you move away! The jackal completely misses you.
The jackal attacks as you move away!
The jackal bites you but does no damage.
The jackal attacks as you move away! The jackal bites you.
The jackal attacks as you move away! The jackal bites you.
The jackal closely misses you. x2
The jackal barely misses you.
There is a stone staircase leading up here.
The jackal misses you. The jackal closely misses you. The jackal bites you.
You climb upwards.
There is a stone staircase leading down here.
You closely miss the jackal. Your grab misses the jackal.
The jackal misses you. The jackal closely misses you. The goblin misses you.
The jackal bites you.
You closely miss the jackal. Your grab misses the jackal.
The jackal bites you. x2
* * * LOW HITPOINT WARNING * * *
The jackal bites you.
* * * LOW HITPOINT WARNING * * *
The goblin hits you but does no damage. The jackal bites you.
You die...

# ############# .
...r..h@h...#. #
###....gh......
#######
#..###.##.###.##...†..
#. .# # #.....#### ..
.##.###.##..# ## ##
.##.....##..# #.
............# #.
..###.#.#..####.
.............


You could see 3 jackals, a goblin and a rat (asleep).

Vanquished Creatures
  2 ball pythons (D:1)
  2 endoplasms (D:1)
  2 giant cockroaches (D:1)
  A goblin (D:1)
  2 hobgoblins (D:1)
  3 kobolds (D:1)
  A quokka (D:1)
  A frilled lizard (D:1)
  2 rats (D:1)
16 creatures vanquished.

Vanquished Creatures (others)
  A quokka (D:1)
1 creature vanquished.

Grand Total: 17 creatures vanquished

Notes
Turn   | Place    | Note
-------+----------+-------------------------------------------
     0 | D:1      | H0rd4k the Octopode Artificer began the quest for the Orb.
     0 | D:1      | Reached XP level 1. HP: 13/13 MP: 1/1
   181 | D:1      | Reached XP level 2. HP: 17/18 MP: 2/2
   486 | D:1      | You fall into a shaft and drop 1 floor!
   493 | D:2      | Found Fess's Antique Armour Emporium.
   505 | D:1      | Slain by a jackal

Illustrated notes

Levels and vault maps discovered:
D:1:      shiori_arrival_maze, layout_loops_ring, minmay_worlds_worst_comb
D:2:      layout_rooms, serial_corexii_hall, corexii_hall_statues_l,
          corexii_hall_statues_l, serial_shops, nicolae_shop_overgrown_old_shop,
          kennysheep_generic_room_9

Skill      XL: |  1  2 |
---------------+-------+-----
Stealth        | 2 |  2.0
Fighting       | |  1.0
Dodging        | |  2.7
Evocations     | |  3.9

Action                     || total
---------------------------++-------
  Melee: Unarmed           ||    50
         Constrict         ||    12
         Tentacles         ||     9
  Evoke: Wand              ||     3
   Stab: Sleeping          ||     4
 Armour: Skin              ||     2
  Dodge: Dodged            ||    39
